 Dungeon Crawl Stone Soup version 0.30.1-9-gdf580d7c3d (webtiles) character file.

Game seed: 16427323330366802415

2199 adizb the Cleaver (level 9, -6/89 HPs)
             Began as a Minotaur Berserker on Oct 1, 2023.
             Was an Elder of Trog.
             Mangled by a water moccasin (7 damage)
             ... on level 7 of the Dungeon.
             The game lasted 00:19:07 (4519 turns).

adizb the Cleaver (Minotaur Berserker)              Turns: 4519, Time: 00:19:07

Health: -6/89      AC: 14    Str: 27    XL:     9   Next: 12%
Magic:  8/8        EV:  8    Int:  4    God:    Trog [****..]
Gold:   280        SH:  0    Dex:  9    Spells: 8/8 levels left

rFire   . . .        a - +0 war axe
rCold   . . .        (no shield)
rNeg    . . .        d - +0 plate armour
rPois   .            (helmet restricted)
rElec   .            x - +0 cloak
rCorr   +            (no gloves)
SInv    .            (no boots)
Will    .....        (no amulet) Stlth
                     s - ring of resist corrosion
HPRegen 1.14/turn    (no ring)
MPRegen 0.11/turn

%: no passive effects
@: lethally poisoned (-6 -> -8), attractive, flying
A: horns 2, retaliatory headbutt, regeneration 1, robust 1
a: Renounce Religion, Berserk, Trog's Hand, Brothers in Arms


You were on level 7 of the Dungeon.
You worshipped Trog.
Trog was greatly pleased with you.
You visited 1 branch of the dungeon, and saw 7 of its levels.

You collected 302 gold pieces.
You spent 22 gold pieces at shops.

Inventory:

Hand Weapons
 a - a +0 war axe (weapon)
Missiles
 i - a throwing net
 m - 6 poisoned darts
Armour
 d - a +0 plate armour (worn)
 x - a +0 cloak (worn)
Jewellery
 s - a ring of resist corrosion (left hand)
 v - a ring of ice
Wands
 n - a wand of acid (10) (quivered)
 o - a wand of mindburst (9)
 w - a wand of paralysis (13)
Scrolls
 b - 4 scrolls of teleportation {unknown}
 f - 5 scrolls of enchant armour
 g - a scroll of poison {unknown}
 k - a scroll of fog
 p - 2 scrolls of fear {unknown}
 q - 2 scrolls of enchant weapon {unknown}
 r - 2 scrolls of vulnerability
 u - a scroll of magic mapping {unknown}
 y - 4 scrolls of amnesia {unknown}
Potions
 e - 2 potions of flight
 h - a potion of might {unknown}
 j - a potion of mutation
 l - a potion of attraction
 t - a potion of lignification {unknown}
 z - a potion of heal wounds {unknown}


   Skills:
 + Level 8.1 Fighting
 * Level 10.9 Axes
 + Level 7.6 Armour
 - Level 2.1 Dodging


You had 8 spell levels left.
You didn't know any spells.
Your spell library was empty.

Dungeon Overview and Level Annotations

Branches:
Dungeon (7/15)
 Temple: D:4-7

Altars:
Fedhas
Nemelex Xobeh
Qazlal
Wu Jian
The Shining One

Shops:
D:3 *


Innate Abilities, Weirdness & Mutations

You have a pair of horns on your head.
You reflexively headbutt those who attack you in melee.
Your natural rate of healing is unusually fast.
You are robust. (+10% HP)


Message History

You barely miss the water moccasin.
The water moccasin is lightly wounded.
You feel very sick. The water moccasin bites you.
A shadow imp comes into view.
You barely miss the water moccasin.
The water moccasin is lightly wounded.
You feel very sick.
The shadow imp shouts, "Give up, thou yeasty beef-witted measle!"
The water moccasin bites you but does no damage. x2
Okay, then.
It was a potion of flight.
You feel very buoyant.
You fly up into the air.
You feel sick. The water moccasin bites you.
* * * LOW HITPOINT WARNING * * *
You are lethally poisoned!
The water moccasin poisons you!
It was a potion of mutation.
You feel extremely strange.
You begin to heal more quickly.
You feel robust.
You feel very sick. The water moccasin bites you.
* * * LOW HITPOINT WARNING * * *
You hit the water moccasin.
Your headbutt misses the water moccasin.
The water moccasin is moderately wounded.
You feel very sick. The water moccasin bites you.
* * * LOW HITPOINT WARNING * * *
The water moccasin bites you but does no damage.
You closely miss the water moccasin.
Your headbutt misses the water moccasin.
The water moccasin is moderately wounded.
You feel sick. The water moccasin bites you.
* * * LOW HITPOINT WARNING * * *
Okay, then.
It was a potion of attraction.
You feel attractive to monsters.
* * * LOW HITPOINT WARNING * * *
You feel sick. The water moccasin bites you!
You die...

.# #......# #....
..##......## #>...
..#.......# ##....
#........# #.....
#.......# ##....#
#......# #......
#...(.# ##......
#.....# ##...###.
#@#..#####..### ##
.~§~~KS)##..##..###
# §..§§5#####....##
.§.... ##.### .....
#.# ##... #.# ##.
#.# #. .## .


You could see a water moccasin, a shadow imp and a kobold.

Vanquished Creatures
  Grinder (D:4)
  Eustachio (D:5)
  2 water moccasins
  An ice beast (D:5)
  2 sky beasts (D:7)
  A black bear (D:5)
  An ogre (D:6)
  A kobold brigand (D:7)
  2 bullfrogs (D:6)
  3 scorpions
  3 wights (D:6)
  A howler monkey (D:7)
  2 jellies (D:6)
  Crazy Yiuf (D:5)
  An orc priest (D:5)
  A sleepcap (D:6)
  4 iguanas
  Ijyb (D:3)
  Natasha (thrice) (D:2)
  3 gnolls (D:3)
  11 adders
  2 white imps
  An ufetubus (D:6)
  5 worms
  3 dart slugs
  18 orcs
  6 ball pythons
  8 endoplasms
  5 giant cockroaches
  7 goblins
  6 hobgoblins
  11 jackals
  A quokka (D:1)
  6 bats
  2 frilled lizards (D:2)
  6 kobolds
  5 rats
138 creatures vanquished.

Notes
Turn   | Place    | Note
-------+----------+-------------------------------------------
     0 | D:1      | adizb the Minotaur Berserker began the quest for the Orb.
     0 | D:1      | Reached XP level 1. HP: 19/19 MP: 0/0
   268 | D:1      | Reached skill level 4 in Axes
   268 | D:1      | Reached XP level 2. HP: 27/27 MP: 1/1
   402 | D:1      | Found a faded altar of an unknown god.
   644 | D:2      | Reached XP level 3. HP: 30/33 MP: 2/2
   808 | D:2      | Reached ** piety under Trog
   819 | D:2      | Noticed Natasha
   836 | D:2      | Killed Natasha
   837 | D:2      | Reached skill level 5 in Axes
   837 | D:2      | Reached XP level 4. HP: 15/41 MP: 3/3
  1081 | D:2      | Noticed Natasha
  1195 | D:2      | Killed Natasha
  1196 | D:2      | Reached XP level 5. HP: 41/47 MP: 4/4
  1308 | D:2      | Noticed Natasha
  1313 | D:2      | Killed Natasha
  1581 | D:3      | Reached skill level 6 in Axes
  1643 | D:3      | Reached skill level 5 in Fighting
  1745 | D:3      | Reached *** piety under Trog
  1761 | D:3      | Found Giontev's Assorted Antiques.
  1802 | D:3      | Reached XP level 6. HP: 54/56 MP: 5/5
  1804 | D:3      | Bought a murky golden potion for 22 gold pieces
  1964 | D:3      | Noticed Ijyb
  1976 | D:3      | Killed Ijyb
  2177 | D:3      | Found a blossoming altar of Fedhas.
  2218 | D:4      | Noticed Grinder
  2264 | D:4      | Killed Grinder
  2265 | D:4      | Reached skill level 7 in Axes
  2265 | D:4      | Reached skill level 5 in Armour
  2265 | D:4      | Reached XP level 7. HP: 24/62 MP: 6/6
  2496 | D:4      | Found a sparkling altar of Nemelex Xobeh.
  2501 | D:4      | Found a glowing golden altar of the Shining One.
  2888 | D:5      | Entered Level 5 of the Dungeon
  3051 | D:5      | Reached skill level 8 in Axes
  3235 | D:5      | Reached **** piety under Trog
  3241 | D:5      | Noticed Eustachio
  3250 | D:5      | Killed Eustachio
  3251 | D:5      | Reached skill level 9 in Axes
  3251 | D:5      | Reached XP level 8. HP: 71/71 MP: 7/7
  3369 | D:5      | Found an ornate altar of the Wu Jian Council.
  3495 | D:5      | Found a runed translucent door.
  3496 | D:5      | Noticed Crazy Yiuf
  3505 | D:5      | Killed Crazy Yiuf
  4033 | D:6      | Reached skill level 10 in Axes
  4297 | D:7      | Reached XP level 9. HP: 74/81 MP: 8/8
  4502 | D:7      | Found a stormy altar of Qazlal.
  4516 | D:7      | Gained mutation: Your natural rate of healing is unusually
                  | fast. [potion of mutation]
  4516 | D:7      | Gained mutation: You are robust. (+10% HP) [potion of
                  | mutation]
  4518 | D:7      | HP: 2/89 [water moccasin (4)]
  4519 | D:7      | Mangled by a water moccasin

Illustrated notes

Levels and vault maps discovered:
D:1:      grunt_arrival_lava_bath, layout_basic, shapermc_ecumenical_altar_petra
D:2:      layout_basic, minmay_unequal, uniq_natasha
D:3:      layout_basic, marbit_many_paths, serial_shops,
          nicolae_shop_overgrown_old_shop, uniq_ijyb
D:4:      layout_loops_cross, mainiacjoe_overflow_large_starburst, uniq_grinder
D:5:      layout_loops_ring, nicolae_wu_jian_immortal_techniques,
          uniq_crazy_yiuf_cottage, uniq_eustachio
D:6:      layout_basic
D:7:      layout_cave_pods, nicolae_qazlal_scattered_showers, temple_fountains,
          serial_shops, shop, grunt_ministairs_1

Skill      XL: |  1  2  3  4  5  6  7  8  9 |
---------------+----------------------------+-----
Axes           | 4 5 6 7 9 10 | 10.9
Fighting       | 4 5 6 7 8 |  8.1
Armour         | 3 4 5 6 7 |  7.6
Dodging        | |  2.1

Action                     |  1- 3 |  4- 6 |  7- 9 || total
---------------------------+-------+-------+-------++-------
  Melee: Hand axe          |    94 |   170 |   101 ||   365
         Headbutt          |    15 |    22 |    21 ||    58
         Punch             |       |     1 |     1 ||     2
         War axe           |       |       |    43 ||    43
  Throw: Throwing net      |       |     2 |       ||     2
  Evoke: Wand              |       |       |     4 ||     4
    Use: Scroll            |       |     2 |     2 ||     4
         Potion            |       |     1 |     4 ||     5
   Stab: Held in net/web   |       |     3 |       ||     3
 Armour: Plate armour      |    57 |    88 |    81 ||   226
  Dodge: Dodged            |    24 |    56 |    42 ||   122
